 Dungeon Crawl Stone Soup version 0.32-a0-666-ge8a88695a4 (console) character file.

Game seed: 1039035136327607492

84169 jejorda2 the Thrower (level 15, -3/157 HPs)
             Began as a Coglin Berserker on Mar 9, 2024.
             Was a High Priest of Trog.
             Slain by an ettin
             ... wielding a +0 dire flail
              (35 damage)
             ... on level 1 of the Orcish Mines.
             The game lasted 00:52:58 (23943 turns).

jejorda2 the Thrower (Coglin Berserker)            Turns: 23943, Time: 00:52:58

Health: -3/157     AC: 29    Str: 26    XL:     15   Next: 79%
Magic:  5/5        EV:  9    Int: 11    God:    Trog [*****.]
Gold:   1339       SH:  0    Dex: 13    Spells: 14/14 levels left

rFire   . . .        n - +1 trident (freeze) {Araceli}
rCold   . . .        M - +5 spear (antimagic) {Yawen}
rNeg    . . .        L - +6 plate armour of the Unseen Realm {Int+5 Stlth+}
rPois   +            F - +1 helmet
rElec   .            E - +0 cloak
rCorr   +            q - +1 pair of gloves
SInv    .            Q - +2 pair of boots {rampage}
Will    ++...        (amulet unavailable) Stlth
                     (ring unavailable)
HPRegen 0.46/turn    (ring unavailable)
MPRegen 0.09/turn    N
                       - N-80 gigawhirligig {rPois Will+ rCorr Clar RMsl}

%: repel missiles, clarity, rampage
@: berserking, revving, very quick
A: off-hand wielding, slow wielding, warmup strikes, no jewellery
a: Renounce Religion, Berserk, Trog's Hand, Brothers in Arms


You were on level 1 of the Orcish Mines.
You worshipped Trog.
Trog was extremely pleased with you.
You visited 3 branches of the dungeon, and saw 21 of its levels.

You collected 1939 gold pieces.
You spent 600 gold pieces at shops.

Inventory:

Hand Weapons
 n - a +1 trident of freezing (weapon) {Araceli}
 u - a +0 trident {Xolani}
 M - a +5 antimagic spear (offhand) {Yawen}
Missiles
 f - 21 boomerangs (quivered)
 m - 9 javelins
 t - 40 poisoned darts
 y - 2 darts of dispersal
 H - 3 curare-tipped darts
 K - 3 throwing nets
Armour
 a - +0 ice dragon scales
 q - a +1 pair of gloves (worn)
 E - a +0 cloak (worn)
 F - a +1 helmet (worn)
 L - the +6 plate armour of the Unseen Realm (worn) {Int+5 Stlth+}
   (You found it on level 1 of the Lair of Beasts)

   Int+5:     It affects your intelligence (+5).
   Stlth+:    It makes you more stealthy.
 Q - a +2 pair of boots of rampaging (worn)
Gizmo
 N - a N-80 gigawhirligig (installed) {rPois Will+ rCorr Clar RMsl}
   (You invented it yourself on level 4 of the Lair of Beasts)

   [N-80 gigawhirligig]

   rPois:     It protects you from poison.
   Will+:     It increases your willpower.
   Clar:      It protects you from confusion, rage, mesmerisation and fear.
   RMsl:      It protects you from missiles.
   rCorr:     It protects you from acid and corrosion.
Wands
 h - a wand of flame (50)
 o - a wand of mindburst (7)
 x - a wand of roots (8)
 z - a wand of charming (15)
 B - a wand of light (22)
 G - a wand of polymorph (8)
Scrolls
 c - a scroll of enchant weapon
 d - 3 scrolls of revelation
 e - 7 scrolls of teleportation
 g - 3 scrolls of fear
 p - a scroll of brand weapon
 v - a scroll of immolation
 A - 2 scrolls of poison
 O - 3 scrolls of fog
Potions
 b - 3 potions of lignification
 i - 7 potions of might
 j - 7 potions of curing
 k - 3 potions of heal wounds
 r - a potion of invisibility {unknown}
 w - 2 potions of enlightenment
 C - 4 potions of mutation
 D - 3 potions of resistance
 I - 4 potions of haste {unknown}
Miscellaneous
 s - a phial of floods
 J - a tin of tremorstones (2/2)


   Skills:
 - Level 6.0 Fighting
 - Level 8.1(12.6) Axes
 - Level 14.0(14.7) Polearms
 * Level 14.8 Throwing
 - Level 9.0 Armour
 - Level 6.0 Dodging
 - Level 12.0 Evocations


You had 14 spell levels left.
You didn't know any spells.
Your spell library was empty.

Dungeon Overview and Level Annotations

Branches:
Dungeon (15/15)            Temple (0/1) D:5            Lair (5/5) D:11
  Swamp (0/4) Lair:2        Snake (0/4) Lair:3        Slime (0/5) Lair:4
    Orc (1/2) D:11         Vaults (0/5) D:13         Depths (0/4) D:15

Altars:
Cheibriados
Fedhas
Gozag
Hepliaklqana
Kikubaaqudgha
Okawaru
Qazlal
Ru
Sif Muna
Uskayaw
Xom
Zin
The Shining One
Jiyva

Shops:
D:8 :*   D:14 *


Innate Abilities, Weirdness & Mutations

You can wield a second weapon in your off-hand.
It takes a long time for you to wield or remove held weapons.
Your first few attacks do less damage.
You cannot equip rings or amulets.


Message History

An ettin comes into view.
It is wielding a +0 dire flail and a +0 great mace.
The ettin shouts in stereo!
You see here 23 gold pieces.
You rampage towards the ettin!
Found 9 gold pieces.
Found a stone staircase leading down.
You rampage towards the ettin!
The ettin hits you with a +0 dire flail!
The ettin hits you but does no damage.
You barely miss the ettin with your +1 trident of freezing.
You hit the ettin with your +5 antimagic spear.
The ettin hits you with a +0 dire flail!
The ettin hits you with a +0 great mace!!
You are too injured to fight recklessly!
You are too injured to fight recklessly!
You are too injured to fight recklessly!
You are too injured to fight recklessly!
Okay, then.
You hit the ettin but do no damage.
The ettin is lightly wounded.
You barely miss the ettin with your +1 trident of freezing.
You hit the ettin with your +5 antimagic spear.
The ettin is lightly wounded.
You hit the ettin with your +1 trident of freezing.
You freeze the ettin.
The ettin hits you with a +0 dire flail!
The ettin hits you with a +0 great mace!
* * * LOW HITPOINT WARNING * * *
A red film seems to cover your vision as you go berserk!
You feel yourself moving faster!
You feel mighty! The ettin barely misses you.
The ettin hits you but does no damage.
You puncture the ettin with your +5 antimagic spear!
The ettin is moderately wounded.
You puncture the ettin with your +1 trident of freezing!
You freeze the ettin.
You barely miss the ettin with your +5 antimagic spear.
The ettin is heavily wounded.
You hit the ettin with your +1 trident of freezing.
You freeze the ettin. The ettin barely misses you.
The ettin hits you with a +0 great mace!!
You die...

.##.#.......
...#......###....
..#.............. #
...#............ .#
.......# #..... .###
.##...####....## ....
.......#.......###..#
................#...###
..#.........$...@C....#
...#........##......#...
....#......##......#....
#.....................##
#......#.......###.....
##...#####..#.## ....#
.....# #......# ..$>.#
...#.......#...# .#....
..###......#...#


You could see an ettin.

Vanquished Creatures
  Rupert (D:14)
  Snorg (D:10)
  Erolcha (D:11)
  2 ice dragons (D:15)
  Harold (Lair:1)
  3 hydras
  2 catoblepae
  5 centaur warriors
  9 two-headed ogres
  A death yak (D:11)
  Erica (Lair:2)
  5 boulder beetles
  A tengu warrior (D:10)
  Urug (D:10)
  Amaemon (Lair:1)
  A skyshark (Lair:5)
  A goliath frog (Lair:5)
  Sonja (D:11)
  4 skeletal warriors (D:15)
  A bog body (Lair:2)
  A necromancer (D:13)
  An orc knight (D:15)
  An orc sorcerer (D:15)
  A deep elf pyromancer (D:12)
  A lindwurm (Lair:5)
  7 ugly things
  Maurice (D:7)
  A meliai (shapeshifter) (D:10)
  3 meliai (D:15)
  17 slime creatures
  4 cyclopes
  6 elephants (Lair:4)
  A manticore (D:9)
  5 black mambas
  22 cane toads
  A torpor snail (Lair:3)
  An unseen horror (D:12)
  5 komodo dragons
  An orange demon (Lair:1)
  A yaktaur (D:10)
  Maggie (Lair:1)
  2 efreet
  Psyche (D:8)
  10 trolls
  Grinder (D:3)
  A tyrant leech (Lair:5)
  A hornet (D:10)
  A polar bear (Lair:2)
  A hornet (shapeshifter) (D:15)
  24 blink frogs
  4 dream sheep (Lair:3)
  5 wyverns
  A shadow (D:12)
  5 wraiths
  74 yaks
  2 basilisks
  2 steam dragons
  2 wargs
  11 vampire mosquitoes
  15 water moccasins
  A swamp worm (Lair:2)
  2 acid dragons (D:9)
  3 nagas (Lair:3)
  8 orc warriors
  A sky beast (D:7)
  4 laughing skulls
  3 black bears
  2 ice beasts
  21 wolves
  2 ogres
  8 centaurs
  3 kobold brigands
  20 bullfrogs
  2 scorpions
  7 wights
  5 killer bees
  8 howler monkeys
  12 electric eels
  A lava snake (D:13)
  A jelly (D:7)
  4 orc priests
  A gnoll bouda (D:8)
  4 hounds
  2 sleepcaps
  6 iguanas
  13 orc wizards
  9 gnolls
  4 adders
  A shadow imp (D:7)
  2 white imps
  2 ufetubi (D:5)
  3 dart slugs (D:1)
  3 ribbon worms
  37 orcs
  6 endoplasms
  5 giant cockroaches
  5 goblins
  9 hobgoblins
  3 quokkas
  4 ball pythons
  5 bats
  7 frilled lizards
  21 kobolds
  5 rats
563 creatures vanquished.

Notes
Turn   | Place    | Note
-------+----------+-------------------------------------------
     0 | D:1      | jejorda2 the Coglin Berserker began the quest for the Orb.
     0 | D:1      | Reached XP level 1. HP: 18/18 MP: 1/1
   189 | D:1      | Reached XP level 2. HP: 24/24 MP: 2/2
   446 | D:1      | Reached XP level 3. HP: 29/29 MP: 3/3
   808 | D:2      | Reached XP level 4. HP: 18/36 MP: 4/4
   910 | D:2      | Reached ** piety under Trog
  1422 | D:3      | Noticed Grinder
  1429 | D:3      | Killed Grinder
  1430 | D:3      | Reached skill level 5 in Polearms
  1430 | D:3      | Reached XP level 5. HP: 43/43 MP: 5/5
  1430 | D:3      | Reached XP level 6. HP: 49/49 MP: 6/6
  1501 | D:3      | Found an opulent altar of Gozag.
  1739 | D:3      | Noticed a black bear
  1745 | D:3      | Killed a black bear
  1746 | D:3      | Reached skill level 5 in Fighting
  1746 | D:3      | Reached XP level 7. HP: 56/56 MP: 7/7
  2997 | D:5      | Entered Level 5 of the Dungeon
  3323 | D:5      | Found an iron altar of Okawaru.
  3364 | D:5      | Found a staircase to the Ecumenical Temple.
  3369 | D:5      | Reached XP level 8. HP: 52/63 MP: 8/8
  4067 | D:6      | Reached *** piety under Trog
  4468 | D:7      | Found a blossoming altar of Fedhas.
  4497 | D:7      | Noticed Maurice
  4503 | D:7      | Something stole 2 darts of dispersal
  4505 | D:7      | Something stole 96 gold
  4507 | D:7      | Something stole 170 gold
  4524 | D:7      | Killed Maurice
  4525 | D:7      | Reached XP level 9. HP: 45/69 MP: 0/9
  4790 | D:7      | Found a glowing silver altar of Zin.
  4791 | D:7      | Found a hazy altar of Hepliaklqana.
  4792 | D:7      | Found an ancient bone altar of Kikubaaqudgha.
  4793 | D:7      | Found a snail-covered altar of Cheibriados.
  5092 | D:7      | Found a sacrificial altar of Ru.
  5368 | D:8      | Found Voust's Elemental Accessories.
  5379 | D:8      | Noticed a two-headed ogre
  5389 | D:8      | Killed a two-headed ogre
  5390 | D:8      | Reached skill level 10 in Polearms
  5390 | D:8      | Reached skill level 5 in Armour
  5661 | D:8      | Noticed a +0 hand axe
  5661 | D:8      | Noticed a +0 dagger
  5662 | D:8      | Found a hide-covered altar of Uskayaw.
  5696 | D:8      | Found Divvorub's Book Shop.
  6066 | D:8      | Noticed Psyche
  6074 | D:8      | Killed Psyche
  6075 | D:8      | Reached XP level 10. HP: 76/76 MP: 10/10
  6368 | D:8      | Found a shimmering blue altar of Sif Muna.
  6545 | D:9      | Noticed a two-headed ogre
  6549 | D:9      | Killed a two-headed ogre
  6786 | D:9      | Noticed a two-headed ogre
  6792 | D:9      | Killed a two-headed ogre
  7136 | D:9      | Noticed a manticore
  7146 | D:9      | Killed a manticore
  7198 | D:9      | Noticed a two-headed ogre
  7204 | D:9      | Killed a two-headed ogre
  7517 | D:10     | Entered Level 10 of the Dungeon
  7540 | D:10     | Reached XP level 11. HP: 39/81 MP: 11/11
  7635 | D:10     | Noticed Snorg
  7637 | D:10     | Noticed a two-headed ogre
  7657 | D:10     | Killed Snorg
  7660 | D:10     | Killed a two-headed ogre
  7710 | D:10     | Noticed a two-headed ogre
  7716 | D:10     | Killed a two-headed ogre
  7717 | D:10     | Reached skill level 1 in Throwing
  7717 | D:10     | Reached skill level 1 in Evocations
  7724 | D:10     | Noticed a six-headed hydra
  7733 | D:10     | Killed a six-headed hydra
  7819 | D:10     | Noticed a tengu warrior
  7836 | D:10     | Killed a tengu warrior
  7938 | D:10     | Identified the +0 morningstar of the Breathing Saviour
                  | {flame, rElec rCorr}
  7938 | D:10     | Noticed a centaur warrior
  8437 | D:10     | Identified the +4 sling of the Gazing Gods {freeze, rC-
                  | Str+7 Dex+4}
  8462 | D:10     | Killed a centaur warrior
  8624 | D:10     | Reached skill level 5 in Throwing
  8624 | D:10     | Reached skill level 5 in Evocations
  8660 | D:10     | Reached XP level 12. HP: 80/88 MP: 12/12
  8721 | D:10     | Noticed a two-headed ogre
  8732 | D:10     | Killed a two-headed ogre
  8809 | D:10     | Found a glowing golden altar of the Shining One.
  8913 | D:10     | Noticed Urug
  8924 | D:10     | Killed Urug
  9310 | D:10     | Reached skill level 5 in Dodging
  9315 | D:10     | Reached **** piety under Trog
  9511 | D:10     | Noticed a two-headed ogre
  9518 | D:10     | Killed a two-headed ogre
 10159 | D:11     | Noticed a two-headed ogre
 10167 | D:11     | Killed a two-headed ogre
 10174 | D:11     | Noticed a death yak
 10180 | D:11     | Noticed Sonja
 10187 | D:11     | Killed Sonja
 10198 | D:11     | Killed a death yak
 10234 | D:11     | Found a staircase to the Lair.
 10405 | D:11     | Noticed Erolcha
 10416 | D:11     | Killed Erolcha
 10585 | D:11     | Found a staircase to the Orcish Mines.
 10852 | D:11     | Reached XP level 13. HP: 78/93 MP: 13/13
 10965 | D:11     | Found a stormy altar of Qazlal.
 11008 | Lair:1   | Entered Level 1 of the Lair of Beasts
 11236 | D:8      | Bought a tin of tremorstones (2/2) for 600 gold pieces
 11337 | Lair:1   | Noticed Harold
 11351 | Lair:1   | Killed Harold
 11498 | Lair:1   | Noticed Amaemon
 11524 | Lair:1   | Killed Amaemon
 11747 | Lair:1   | Noticed Maggie
 11759 | Lair:1   | Killed Maggie
 11766 | Lair:1   | Identified the +6 plate armour of the Unseen Realm {Int+5
                  | Stlth+}
 12384 | Lair:1   | Reached skill level 10 in Throwing
 13294 | Lair:2   | Identified the +1 hand axe of Gel Weq {flame, *Noise rElec
                  | rPois}
 13352 | Lair:2   | Noticed Erica
 13366 | Lair:2   | Killed Erica
 13712 | Lair:2   | Found a staircase to the Swamp.
 13725 | Lair:2   | Reached skill level 1 in Axes
 14129 | Lair:3   | Reached XP level 14. HP: 100/100 MP: 14/14
 14405 | Lair:3   | Found a staircase to the Snake Pit.
 14540 | Lair:3   | Reached skill level 10 in Evocations
 15082 | Lair:4   | Reached ***** piety under Trog
 15273 | Lair:4   | Identified the +4 robe "Den Gura" {^Drain rN++ Int+4}
 15520 | Lair:4   | Found a shimmering altar of Xom.
 15558 | Lair:4   | Found a staircase to the Slime Pits.
 15559 | Lair:4   | Found a viscous altar of Jiyva.
 15563 | Lair:4   | Identified the +2 spear of an ossuary {flame, Will+ Str+4
                  | Int-4}
 15575 | Lair:4   | Reached skill level 5 in Axes
 15771 | Lair:4   | Acquired a N-80 gigawhirligig {rPois Will+ rCorr Clar RMsl}
 15894 | Lair:4   | You fall into a shaft and drop 1 floor!
 15894 | Lair:5   | Entered Level 5 of the Lair of Beasts
 17011 | Lair:5   | Received a gift from Trog
 17497 | Lair:5   | Identified the +4 orcbow "Fucaz" {drain, Will+ Stlth+}
 18144 | D:12     | Reached XP level 15. HP: 105/105 MP: 5/15
 19375 | D:13     | Found a gate to the Vaults.
 20471 | D:14     | Found Ycorim's General Store.
 20907 | D:14     | Noticed Rupert
 20918 | D:14     | Killed Rupert
 21721 | D:15     | Entered Level 15 of the Dungeon
 22217 | D:15     | Identified the +4 ring mail "Lyskio" {^Contam rCorr Str-4
                  | SInv}
 22365 | D:15     | Found a staircase to the Depths.
 23511 | Orc:1    | Entered Level 1 of the Orcish Mines
 23943 | Orc:1    | Slain by an ettin

Illustrated notes

Levels and vault maps discovered:
D:1:      dpeg_arrival_castle, layout_rooms, grunt_decor_one_mirror
D:2:      layout_basic, nicolae_concentric_dashed_squares_wild,
          supply_closet_lemuel, nicolae_grassy_gnolls
D:3:      minmay_general_purpose_star, layout_basic,
          mainiacjoe_overflow_boulevard, uniq_grinder
D:4:      layout_loops_ring
D:5:      layout_basic, hellmonk_okawaru_the_only_friend_you_need,
          minmay_temple_entry_sparse_star
D:6:      layout_basic
D:7:      layout_loops_cross, fedhas_altar_2, mainiacjoe_overflow_alcove_3,
          nicolae_ru_path_of_blood, uniq_maurice
D:8:      layout_layer_cave, dancing_weapons_uskayaw,
          mainiacjoe_overflow_alcove_4, serial_shops, shop,
          nicolae_elemental_shop, uniq_psyche
D:9:      layout_roguey, kennysheep_generic_room_3
D:10:     minmay_the_grid_octo_tiled_octocenter
          [minmay_the_grid_octo_concentric, minmay_the_grid_octo_clover,
          minmay_the_grid_octo_focus, minmay_the_grid_octo_fat_diamond,
          minmay_the_grid_octo_prize_square_snowflake,
          minmay_the_grid_square_5x5_longway, minmay_the_grid_square_5x5_forky,
          minmay_the_grid_square_5x5_slash, minmay_the_grid_square_5x5_corner],
          layout_basic, general_overflow_altar, serial_bayou,
          serial_bayou_lake_a, serial_bayou_lagoon_b, serial_bayou_lagoon_a,
          serial_bayou_ford_a, uniq_snorg, uniq_urug
D:11:     layout_basic, dpeg_lair_monsters, minmay_orc_entry_guard_dogs,
          minmay_gold_behind_fungi, nicolae_qazlal_eye_of_the_storm, uniq_sonja,
          uniq_erolcha
D:12:     layout_gridville
D:13:     layout_loops_corners, david_vaults_1, kennysheep_diamond,
          grunt_decor_clamped
D:14:     layout_irregular_city, bh_walls_and_bars, serial_shops,
          nicolae_shop_tiny_glass, uniq_rupert
D:15:     grunt_enter_depths_hoard, layout_loops_corners
Lair:1:   layout_cave_pods, beast_lair_carwin_7, uniq_harold, uniq_amaemon,
          uniq_maggie
Lair:2:   layout_gridlike, nicolae_swamp_entry_splash_gauntlet, uniq_erica
Lair:3:   layout_regular_city, minmay_snake_entry_guardpost_small
Lair:4:   layout_gridlike, slime_entry_1, basic_altar
Lair:5:   minmay_lair_end_frog_pond, layout_loops_ring
Orc:1:    minmay_goldmine, layout_diamond_mine

Skill      XL: |  1  2  3  4  5  6  7  8  9 10 11 12 13 14 15 |
---------------+----------------------------------------------+-----
Polearms       | 3 5 7 9 10 13 14 | 14.0
Fighting       | 4 5 6 |  6.0
Armour         | 4 5 6 8 9 |  9.0
Throwing       | 5 8 11 12 14 | 14.8
Dodging        | 4 6 |  6.0
Evocations     | 5 7 9 11 12 | 12.0
Axes           | 3 7 8 |  8.1

Action                     |  1- 3 |  4- 6 |  7- 9 | 10-12 | 13-15 || total
---------------------------+-------+-------+-------+-------+-------++-------
  Melee: Spear             |    81 |   108 |    57 |       |   523 ||   769
         Dagger            |    45 |     3 |       |       |       ||    48
         Trident           |       |    26 |   446 |   744 |  1765 ||  2981
         Hand axe          |       |       |       |       |   258 ||   258
  Throw: Javelin           |     2 |       |       |     5 |     4 ||    11
         Dart              |       |     5 |     4 |    39 |    39 ||    87
         Boomerang         |       |       |     2 |     2 |     8 ||    12
 Invoke: Berserk           |       |     2 |     3 |    11 |    20 ||    36
         Trog's Hand       |       |     1 |     3 |     7 |     9 ||    20
Ability: Invent Gizmo      |       |       |       |       |     1 ||     1
  Evoke: Wand              |       |       |       |     8 |     2 ||    10
    Use: Potion            |       |       |     1 |     2 |       ||     3
         Scroll            |       |       |       |    16 |     8 ||    24
   Stab: Sleeping          |     3 |     1 |     1 |       |       ||     5
         Distracted        |       |       |       |     1 |     1 ||     2
         Invisible         |       |       |       |     1 |       ||     1
 Armour: Animal skin       |    17 |       |       |       |       ||    17
         Leather armour    |     7 |    19 |    25 |       |       ||    51
         Chain mail        |       |       |    93 |   128 |   101 ||   322
         Plate armour      |       |       |    38 |   134 |   607 ||   779
  Dodge: Dodged            |    26 |    16 |    61 |   103 |   295 ||   501
         Repelled          |       |       |       |       |    18 ||    18

Table legend: (Time is in decaauts)
 A = Elapsed time spent in this place.
 B = Non-inter-level travel time spent in this place.
 C = Inter-level travel time spent in this place.
 D = Time resting spent in this place.
 E = Time spent auto-exploring this place.
 F = Levels seen in this place.
 G = Mean time per level.
                   A        B        C        D        E       F      G
               +--------+--------+--------+--------+--------+-----+--------+
         Total |  23606 |  22665 |    941 |   2133 |  16895 |  21 | 1124.1 |
       Dungeon |  16781 |  16015 |    766 |   1352 |  12332 |  15 | 1118.7 |
          Lair |   6417 |   6243 |    174 |    680 |   4305 |   5 | 1283.4 |
  Orcish Mines |    408 |    408 |      0 |    100 |    257 |   1 |  408.0 |
               +--------+--------+--------+--------+--------+-----+--------+

Top non-repeatable levels by time:
    D:10: 2212 daAuts
    D:13: 1564 daAuts
  Lair:5: 1497 daAuts
    D:14: 1495 daAuts
     D:8: 1447 daAuts
    D:15: 1414 daAuts
  Lair:1: 1413 daAuts
     D:9: 1318 daAuts
  Lair:4: 1234 daAuts
    D:11: 1184 daAuts
  Lair:2: 1155 daAuts
  Lair:3: 1116 daAuts
    D:12: 956 daAuts
     D:7: 896 daAuts
     D:3: 860 daAuts
